 Dungeon Crawl Stone Soup version 0.18.1-5-g4a78601 (webtiles) character file.

561 Implojin the Insei (level 7, -11/56 HPs)
             Began as a Mummy Monk on May 14, 2016.
             Mangled by an ogre
             ... wielding a +0 giant club
              (32 damage)
             ... on level 4 of the Dungeon.
             The game lasted 00:10:55 (7565 turns).

Implojin the Insei (Mummy Monk)                     Turns: 7565, Time: 00:10:56

Health: -11/56     AC:  0    Str: 14    XL:     7   Next: 9%
Magic:  7/7        EV: 13    Int:  9    God:
Gold:   176        SH:  0    Dex: 17    Spells: 0 memorised, 6 levels left

rFire  x . .     SeeInvis +       - Unarmed
rCold  + . .     Gourm    .     (no armour)
rNeg   + + +     Faith    .     (no shield)
rPois  ∞         Spirit   .     (no helmet)
rElec  .         Dismiss  .     (no cloak)
rCorr  .         Reflect  .     (no gloves)
SustAt .         Harm     .     (no boots)
MR     .....                    (no amulet)
Stlth  ++........               l - ring of positive energy
                                h - ring of see invisible

@: not resistant to hostile enchantments, unstealthy
A: no food or potions, fire vulnerability, cold resistance 1, negative energy
resistance 3, torment resistance, unbreathing
a: no special abilities


You were on level 4 of the Dungeon.
You were not hungry.

You visited 1 branch of the dungeon, and saw 4 of its levels.

You collected 176 gold pieces.

Inventory:

Jewellery
 h - a ring of see invisible (left hand)
 i - an uncursed amulet of the gourmand {unknown}
 l - a ring of positive energy (right hand)
Wands
 k - a wand of disintegration (16/24)
Scrolls
 a - a scroll of noise
 b - 3 scrolls of amnesia
 d - a scroll of teleportation
 e - a scroll of magic mapping
 f - 4 scrolls of remove curse
 g - a scroll of enchant armour {unknown}
 n - 3 scrolls of immolation {unknown}
Potions
 c - a potion of heal wounds {unknown}
Books
 m - a book of Enchantments

   Spells                             Type                      Level
   a - Cause Fear                     Hexes                        4
   b - Yara's Violent Unravelling     Hexes/Transmutation          5
   c - Silence                        Hexes/Air                    5
   d - Deflect Missiles               Charms/Air                   6
   e - Haste                          Charms                       6
   f - Discord                        Hexes                        8
Comestibles
 j - 3 bread rations (quivered)


   Skills:
 * Level 5.5 Fighting
 - Level 2.4 Dodging
 - Level 1.5 Stealth
 - Level 6.0 Unarmed Combat


You had 6 spell levels left.
You didn't know any spells.

Dungeon Overview and Level Annotations

Branches:
Dungeon (4/15)             Temple (0/1) D:4

Altars:
Pakellas

Shops:
D:3 }


Innate Abilities, Weirdness & Mutations

You do not eat or drink.
Your flesh is vulnerable to fire.
You are immune to poison.
Your flesh is cold resistant.
You are immune to negative energy.
You are immune to unholy pain and torment.
You can survive without breathing.


Message History

You kill the hobgoblin!
You see here a hobgoblin corpse.
There is a stone staircase leading down here.
You start resting.
HP restored.
You see here a mace.
Things that are here:
a chain mail; a whip
There is a stone staircase leading down here.
You climb downwards.
There is a stone staircase leading up here.
You barely miss the butterfly. You miss the butterfly. You miss the butterfly.
The ogre barely misses you.
There is an open door here.
You barely miss the butterfly.
There is an open door here.
You hit the ogre.
The ogre is moderately wounded.
The ogre hits you with a giant club!!
You punch the ogre!
The ogre is heavily wounded.
You punch the ogre!
The ogre is severely wounded.
The ogre closely misses you.
You barely miss the ogre.
The ogre is severely wounded.
The ogre closely misses you.
You hit the ogre.
The ogre is almost dead.
You barely miss the ogre.
The ogre is almost dead.
The ogre hits you with a giant club!!
* * * LOW HITPOINT WARNING * * *
There is an open door here.
There is an open door here.
There is an open door here.
The ogre hits you with a giant club!!
Ouch! That really hurt!
You die...

########'##..#....#
#....##..#....#
####........'....#
#.........>.#....#
#.########..#....#
#.# #..#....# #.#
#..#....# #.#
#.##....#
#.########.##.@..#
#..#.......##O...#
###....#####.......##
#...##'#)(.#'##.....#
..###).#...#..###...#
.##.#..#...#..#.##..#
.'.)#..#...#..#(.'..#
.##.#..#...#..#.##..#
..###..#...#..###...#


You could see an ogre.

Vanquished Creatures
  A phantom (D:4)
  A scorpion (D:4)
  A hound (D:4)
  An orc wizard (D:4)
  2 orc priests (D:2)
  An iguana (D:4)
  3 worker ants (D:4)
  A hound skeleton (D:4)
  12 adders
  3 oozes
  A worm (D:3)
  3 giant geckos
  8 orcs
  4 bats
  3 giant cockroaches
  6 goblins
  5 hobgoblins
  A jackal (D:4)
  10 kobolds
  2 quokkas (D:3)
  7 ball pythons
  3 giant newts
  7 rats
86 creatures vanquished.

Notes
Turn   | Place    | Note
--------------------------------------------------------------
     0 | D:1      | Implojin the Mummy Monk began the quest for the Orb.
     0 | D:1      | Reached XP level 1. HP: 18/18 MP: 1/1
   621 | D:1      | Reached XP level 2. HP: 17/24 MP: 2/2
  1391 | D:2      | Reached skill level 4 in Unarmed Combat
  1661 | D:2      | Reached XP level 3. HP: 24/29 MP: 3/3
  1715 | D:2      | Found a faded altar to an unknown god.
  2444 | D:2      | Reached XP level 4. HP: 22/35 MP: 4/4
  3104 | D:2      | Reached skill level 5 in Unarmed Combat
  3707 | D:2      | Reached XP level 5. HP: 20/41 MP: 5/5
  4917 | D:3      | Found an oddly glowing altar of Pakellas.
  4917 | D:3      | Found Pakellas's Prime Provisions.
  5264 | D:4      | Found a staircase to the Ecumenical Temple.
  5299 | D:4      | Reached skill level 6 in Unarmed Combat
  5724 | D:4      | Reached XP level 6. HP: 15/47 MP: 6/6
  5996 | D:4      | Reached skill level 4 in Fighting
  6687 | D:4      | Reached skill level 5 in Fighting
  7021 | D:4      | Reached XP level 7. HP: 45/56 MP: 7/7
  7129 | D:4      | HP: 2/56 [ogre/giant club (31)]
  7565 | D:4      | Mangled by an ogre

Skill      XL: |  1  2  3  4  5  6 |
---------------+-------------------+-----
Unarmed Combat | 4 5 6 |  6.0
Fighting       | 5 |  5.5
Dodging        | |  2.4
Stealth        | |  1.5

Action                   |  1- 3 |  4- 6 |  7- 9 || total
-------------------------+-------+-------+-------++-------
Melee: Unarmed           |    90 |   295 |    18 ||   403
       Punch             |     2 |     7 |       ||     9
  Use: Scroll            |       |     5 |       ||     5
 Stab: Sleeping          |     7 |     7 |       ||    14
Dodge: Dodged            |    37 |   178 |     7 ||   222

Table legend:
 A = Turns spent in this place as a percentage of turns spent in the entire game.
 B = Non-inter-level travel turns spent in this place as a percentage of non-inter-level travel turns spent in the entire game.
 C = Inter-level travel turns spent in this place as a percentage of turns spent in this place.
 D = Turns resting spent in this place as a percentage of non-inter-level travel turns spent in this place.
 E = Turns spent auto-exploring this place as a percentage of non-inter-level travel turns spent in this place.
 F = Non-inter-level travel turns spent in this place divided by the number of levels of this place that you've seen.
                   A       B       C       D       E      F
               +-------+-------+-------+-------+-------+----------------------
         Total | 100.0 | 100.0 |   0.2 |   5.8 |   4.7 | 413.2
       Dungeon | 100.0 | 100.0 |   0.2 |   5.8 |   4.7 | 413.2
               +-------+-------+-------+-------+-------+----------------------

Table legend:
 A = Kills in this place as a percentage of kills in entire the game.
 B = Kills by you in this place as a percentage of kills by you in the entire game.
 C = Kills by friends in this place as a percentage of kills by friends in the entire game.
 D = Other kills in this place as a percentage of other kills in the entire game.
 E = Experience gained in this place as a percentage of experience gained in the entire game.
 F = Experience gained in this place divided by the number of levels of this place that you have seen.
                   A       B       C       D       E      F
               +-------+-------+-------+-------+-------+----------------------
         Total | 100.0 | 100.0 |  -nan |  -nan | 100.0 | 200.5
       Dungeon | 100.0 | 100.0 |  -nan |  -nan | 100.0 | 200.5
               +-------+-------+-------+-------+-------+----------------------
